 Dungeon Crawl Stone Soup version 0.30.1-9-gdf580d7c3d (webtiles) character file.

Game seed: 2064040316237678693

63 Stomo the Gusty (level 4, -1/33 HPs)
             Began as a Vine Stalker Air Elementalist on Oct 21, 2023.
             Succumbed to Ijyb's poison
             ... on level 3 of the Dungeon.
             The game lasted 00:03:53 (2345 turns).

Stomo the Gusty (Vine Stalker Air Elementalist)     Turns: 2345, Time: 00:03:54

Health: -1/33      AC:  2    Str: 12    XL:     4   Next: 10%
Magic:  9/9        EV: 12    Int: 15    God:
Gold:   126        SH:  0    Dex: 15    Spells: 5/8 levels left

rFire   . . .        h - +5 short sword (speed)
rCold   . . .        (no shield)
rNeg    . . .        a - +0 robe
rPois   .            (no helmet)
rElec   .            (no cloak)
rCorr   .            (no gloves)
SInv    .            (no boots)
Will    .....        (no amulet) Stlth
                     (no ring)
HPRegen 1.05/turn    (no ring)
MPRegen 0.11/turn

%: guardian spirit
@: berserking, lethally poisoned (-1 -> -20), very quick
A: fangs 2, regeneration 1, magic shield, antimagic bite, no potion heal 2
a: no special abilities


You were on level 3 of the Dungeon.
You visited 1 branch of the dungeon, and saw 3 of its levels.

You collected 126 gold pieces.

Inventory:

Hand Weapons
 h - a +5 short sword of speed (weapon)
Armour
 a - a +0 robe (worn)
Jewellery
 o - a ring of magical power
Scrolls
 d - a scroll of enchant armour {unknown}
 e - a scroll of magic mapping {unknown}
 i - a scroll of identify {unknown}
 k - a scroll of fog {unknown}
 m - a scroll of vulnerability {unknown}
Potions
 b - 3 potions of magic
 c - a potion of haste {unknown}
 g - a potion of curing
 j - a potion of flight {unknown}
 l - a potion of ambrosia {unknown}
 n - a potion of attraction {unknown}


   Skills:
 + Level 1.2 Fighting
 + Level 0.6 Short Blades
 + Level 2.1 Dodging
 - Level 2.4 Stealth
 + Level 2.7 Spellcasting
 - Level 1.2 Conjurations
 + Level 3.4 Air Magic


You had 5 spell levels left.
You knew the following spells:

 Your Spells              Type           Power      Damage    Failure   Level
a - Shock                 Conj/Air       36%        1d5       8%          1
b - Static Discharge      Conj/Air       18%        2-3/arc   12%         2

Your spell library contained the following spells:

 Spells                   Type           Power      Damage    Failure   Level
 Swiftness                Air            12%        N/A       16%         3
 Slow                     Hex            8%         N/A       21%         1
 Airstrike                Air            6%         2d(1-17)  45%         4
 Confusing Touch          Hex            2%         N/A       52%         3
 Vampiric Draining        Necr           2%         2d6       52%         3


Dungeon Overview and Level Annotations

Branches:
Dungeon (3/15)

Altars:

Shops:
D:1 *

Annotations:
D:3 Ijyb


Innate Abilities, Weirdness & Mutations

You have extremely sharp teeth.
Your natural rate of healing is unusually fast.
When hurt, damage is shared between your health and your magic reserves.
Your bite disrupts and absorbs the magic of your enemies.
Potions cannot restore your health.


Message History

You feel sick.
Ijyb hits you with a +1 dagger of venom.
You are more poisoned.
It was a potion of curing.
Your system rejects the healing.
You feel better.
Ijyb hits you with a +1 dagger of venom.
You are poisoned.
It was a potion of berserk rage.
A red film seems to cover your vision as you go berserk!
You feel yourself moving faster!
You feel mighty!
You feel very sick. Ijyb hits you but does no damage.
You are lethally poisoned!
You are too berserk!
You hit Ijyb but do no damage.
Ijyb is lightly wounded.
You feel very sick.
You hit Ijyb but do no damage.
Ijyb is lightly wounded.
* * * LOW HITPOINT WARNING * * *
You feel sick.
Ijyb hits you with a +1 dagger of venom.
* * * LOW HITPOINT WARNING * * *
You are more poisoned.
You closely miss Ijyb.
Ijyb is lightly wounded.
* * * LOW HITPOINT WARNING * * *
You feel very sick.
You hit Ijyb. Your bite misses Ijyb.
Ijyb is moderately wounded.
* * * LOW HITPOINT WARNING * * *
You feel sick.
Ijyb hits you with a +1 dagger of venom.
You are more poisoned.
You barely miss Ijyb. You bite Ijyb! You drain her power.
You feel invigorated.
Ijyb is severely wounded.
* * * LOW HITPOINT WARNING * * *
You feel very sick.
You barely miss Ijyb.
Ijyb is severely wounded.
You die...

.......<..........
....##....#...# .
#...........#
####....#...#
#....#...#
#......### ##.....##
##..##..##
##..@###..##
#...g......#
#............##
...#...........# .#
.............#.#..#.
###........$........
#.............)...
#..........#.#.#.#
#..........#†#.# #


You could see Ijyb.

Vanquished Creatures
  3 adders (D:2)
  A dart slug (D:1)
  3 endoplasms
  7 hobgoblins
  A quokka (D:2)
  4 ball pythons (D:1)
  4 bats
  A frilled lizard (D:2)
  2 goblins (D:1)
  3 kobolds
  6 rats
35 creatures vanquished.

Notes
Turn   | Place    | Note
-------+----------+-------------------------------------------
     0 | D:1      | Stomo the Vine Stalker Air Elementalist began the quest for
                  | the Orb.
     0 | D:1      | Reached XP level 1. HP: 9/9 MP: 4/4
   295 | D:1      | Reached XP level 2. HP: 14/14 MP: 3/6
   363 | D:1      | Found Xewn's General Store.
   377 | D:1      | Learned a level 2 spell: Static Discharge
   392 | D:1      | Found a faded altar of an unknown god.
  1082 | D:2      | Reached XP level 3. HP: 12/17 MP: 0/7
  1160 | D:2      | Reached skill level 1 in Fighting
  1866 | D:2      | Gained mutation: Your natural rate of healing is unusually
                  | fast. [Vine Stalker growth]
  1866 | D:2      | Reached XP level 4. HP: 19/22 MP: 0/9
  2319 | D:3      | Noticed Ijyb
  2344 | D:3      | HP: 1/33 [poisoned by Ijyb]
  2345 | D:3      | Succumbed to Ijyb's poison

Illustrated notes

Levels and vault maps discovered:
D:1:      lemuel_arrival_muddy, layout_basic, serial_shops,
          nicolae_diamond_shop, hellmonk_ecumenical_altar_run_dry
D:2:      layout_loops_corners, corexii_hall_statues_l,
          chequers_serial_rivers_micro_a, grunt_ministairs_3,
          corexii_leaking_fountain, chequers_jeans
D:3:      layout_rooms, demons_altar, serial_shops, shop, uniq_ijyb,
          uniq_grinder

Skill      XL: |  1  2  3 |
---------------+----------+-----
Dodging        | 2 |  2.1
Fighting       | 1 |  1.2
Short Blades   | |  0.6
Stealth        | |  2.4
Spellcasting   | |  2.7
Conjurations   | |  1.2
Air Magic      | |  3.4

Action                     |  1- 3 |  4- 6 || total
---------------------------+-------+-------++-------
  Melee: Unarmed           |     3 |       ||     3
         Short sword       |     3 |     8 ||    11
         Bite              |       |     1 ||     1
   Cast: Shock             |    54 |     8 ||    62
         Static Discharge  |     6 |       ||     6
    Use: Potion            |       |     2 ||     2
 Armour: Robe              |     1 |     1 ||     2
  Dodge: Dodged            |    11 |     1 ||    12
